 Dungeon Crawl Stone Soup version 0.27-a0-124-g19cb506db8 (webtiles) character file.

Game seed: 11498815440867580089

2504 Dittersdorf the Covered (level 9, 0/58 HPs)
             Began as a Gargoyle Fighter on Jan 25, 2021.
             Was a Believer of Okawaru.
             Hit by a javelin thrown by a centaur (3 damage)
             ... in a bailey.
             The game lasted 00:10:55 (7166 turns).

Dittersdorf the Covered (Gargoyle Fighter)          Turns: 7166, Time: 00:10:55

Health: 0/58       AC: 26    Str: 23    XL:     9   Next: 53%
Magic:  9/9        EV:  5    Int:  9    God:    Okawaru [**....]
Gold:   550        SH: 16    Dex:  9    Spells: 8/8 levels left

rFire    . . .     SeeInvis .   a - +1 flail
rCold    . . .     Faith    .   c - +0 kite shield
rNeg     + . .     Spirit   .   y - +0 plate armour
rPois    ∞         Reflect  +   (no helmet)
rElec    +         Harm     .   (no cloak)
rCorr    +         Rampage  .   q - +1 pair of gloves
Will     .....                  (no boots)
Stlth    ..........             o - amulet of reflection
HPRegen  0.19/turn              w - +4 ring of protection
MPRegen  0.11/turn              v - ring of resist corrosion

@: no status effects
A: negative energy resistance 1, electricity resistance, unbreathing,
petrification resistance, miasma immunity, AC +6
a: Renounce Religion, Heroism


You were in a bailey.
You worshipped Okawaru.
Okawaru was pleased with you.
You visited 2 branches of the dungeon, and saw 10 of its levels.
You also visited: Bailey.

You collected 550 gold pieces.

Inventory:

Hand Weapons
 a - a +1 flail (weapon)
Armour
 c - a +0 kite shield (worn)
 q - a +1 pair of gloves (worn)
 y - a +0 plate armour (worn)
Jewellery
 o - an amulet of reflection (around neck)
 v - a ring of resist corrosion (right hand)
 w - a +4 ring of protection (left hand)
Wands
 n - a wand of paralysis (10)
 s - a wand of flame (17)
Scrolls
 e - a scroll of enchant weapon
 f - 3 scrolls of fog
 g - 8 scrolls of identify
 j - 5 scrolls of remove curse
 l - 9 scrolls of teleportation
 t - 2 scrolls of enchant armour
Potions
 d - a potion of magic {unknown}
 h - a potion of mutation {unknown}
 i - a potion of flight {unknown}
 m - 3 potions of heal wounds {unknown}
 p - 4 potions of curing
 r - a potion of attraction {unknown}
 u - a potion of haste {unknown}


   Skills:
 + Level 7.6 Fighting
 + Level 6.5 Maces & Flails
 + Level 7.6 Armour
 + Level 7.6 Shields


You had 8 spell levels left.
You didn't know any spells.
Your spell library contained the following spells:

 Spells                   Type           Power        Failure   Level
 Animate Skeleton         Necr           0%           100%        1
 Apportation              Tloc           0%           100%        1
 Corona                   Hex            0%           100%        1
 Sandblast                Erth           0%           100%        1
 Shock                    Conj/Air       0%           100%        1
 Summon Small Mammal      Summ           0%           100%        1
 Ensorcelled Hibernation  Hex/Ice        0%           100%        2
 Passwall                 Tmut/Erth      0%           100%        2
 Swiftness                Air            0%           100%        2
 Confusing Touch          Hex            0%           100%        3
 Dazzling Flash           Conj/Hex       0%           100%        3
 Static Discharge         Conj/Air       0%           100%        3
 Stone Arrow              Conj/Erth      0%           100%        3
 Tukima's Dance           Hex            0%           100%        3
 Airstrike                Air            0%           100%        4
 Petrify                  Tmut/Erth      0%           100%        4
 Lee's Rapid Deconstruct  Erth           0%           100%        5
 Lightning Bolt           Conj/Air       0%           100%        5


Dungeon Overview and Level Annotations

Branches:
Dungeon (10/15)            Temple (1/1) D:6          Bailey (1/1)
   Lair: D:8-11         Orc: D:9-12

Altars:
Ashenzari
Cheibriados
Dithmenos
Elyvilon
Fedhas
Gozag
Hepliaklqana
Kikubaaqudgha
Makhleb
Nemelex Xobeh
Okawaru
Qazlal
Ru
Sif Muna
Trog
Uskayaw
Vehumet
Wu Jian
Xom
Yredelemnul
Zin
The Shining One

Shops:
D:4 :

Annotations:
D:6 2 transporters


Innate Abilities, Weirdness & Mutations

You are resistant to torment.
Your stone body is resilient. (AC +6)
You are immune to poison.
You resist negative energy. (rN+)
You are resistant to electric shocks. (rElec)
You can survive without breathing.
You are immune to petrification.
You are immune to miasma.


Message History

* * * LOW HITPOINT WARNING * * *
The centaur throws a javelin.
The javelin pierces through you but does no damage.
Things that are here:
a +0 trident; a +0 chain mail The centaur throws a javelin.
The javelin pierces through you.
* * * LOW HITPOINT WARNING * * *
The centaur throws a javelin.
The javelin pierces through you but does no damage.
The centaur throws a javelin.
The javelin pierces through you but does no damage.
The centaur throws a javelin.
The javelin pierces through you.
* * * LOW HITPOINT WARNING * * *
The centaur throws a javelin.
The javelin pierces through you but does no damage.
The centaur throws a javelin.
The javelin completely misses you.
The centaur throws a javelin.
The javelin pierces through you but does no damage.
The centaur throws a javelin.
The javelin pierces through you.
You die...

####))))....#≈≈≈≈≈≈≈.o≈≈≈≈≈≈≈..≈≈
...#####....#≈≈≈≈≈.c≈≈≈.....≈≈≈..
≈≈≈....##...#≈≈≈≈.≈≈≈.........≈≈≈
..≈≈≈.⌠.#...#≈≈≈≈c≈....c........≈
≈≈..≈≈..#...#≈≈≈.≈≈.⌠...).....⌠.≈
.≈≈≈.≈≈.#⌠..#≈≈≈.≈...............
≈..≈≈)≈.##..#≈≈.≈≈....≈≈≈≈≈≈≈....
≈≈≈.≈.≈≈.#..#####.))≈≈≈c≈≈≈≈≈≈≈..
..≈)≈≈.≈.#..'...@..≈≈≈≈≈≈≈≈≈≈≈≈≈.
..≈).).≈.#..'....).≈≈≈≈≈?:)≈≈≈o≈.
..≈.≈≈.≈.#..'....).≈≈≈≈≈≈≈≈≈≈≈≈≈.
≈≈≈)≈.≈≈.#..#####...≈≈≈≈≈≈≈≈≈≈≈..
≈..≈≈.≈.##).#≈≈.≈≈)...≈≈≈≈≈≈≈.
.≈≈≈.≈≈.#⌠..#≈≈≈c≈...........
≈≈..≈≈..#...#≈≈≈.≈≈.⌠......
..≈≈≈.⌠.#...#≈≈≈≈.≈......
≈≈≈....##...#≈≈≈≈c≈≈≈....


You could see 4 centaurs.

Vanquished Creatures
  Duvessa (D:4)
  7 orc warriors
  2 ice beasts
  A phantom (D:5)
  An ogre (D:5)
  6 centaurs
  Blork the orc (D:4)
  A bullfrog (D:9)
  A wyvern zombie (D:7)
  Dowan (D:4)
  2 hounds (D:4)
  A gnoll shaman (D:7)
  6 orc wizards
  Ijyb (D:3)
  4 iguanas
  3 worker ants
  A hound skeleton (D:7)
  A worker ant zombie (D:5)
  3 gnolls (D:7)
  5 adders
  A white imp (D:5)
  An adder skeleton (D:5)
  3 worms
  A dart slug (D:2)
  4 leopard geckos
  34 orcs
  5 giant cockroaches
  13 goblins
  4 hobgoblins
  12 jackals
  A quokka (D:9)
  A ball python (D:4)
  8 bats
  5 frilled lizards
  10 kobolds
  A quokka skeleton (D:5)
  11 rats
164 creatures vanquished.

Vanquished Creatures (others)
  An orc warrior (Bailey)
  4 orcs (Bailey)
  5 toadstools (D:2)
10 creatures vanquished.

Grand Total: 174 creatures vanquished

Notes
Turn   | Place    | Note
-------+----------+-------------------------------------------
     0 | D:1      | Dittersdorf the Gargoyle Fighter began the quest for the
                  | Orb.
     0 | D:1      | Reached XP level 1. HP: 14/14 MP: 1/1
   104 | D:1      | Reached XP level 2. HP: 19/19 MP: 2/2
   711 | D:2      | Reached XP level 3. HP: 22/23 MP: 3/3
  1695 | D:2      | Found a shimmering altar of Xom.
  2054 | D:3      | Reached XP level 4. HP: 28/29 MP: 4/4
  2123 | D:3      | Noticed an ice beast
  2136 | D:3      | Killed an ice beast
  2137 | D:3      | Reached XP level 5. HP: 34/34 MP: 5/5
  2177 | D:3      | Noticed Ijyb
  2199 | D:3      | Killed Ijyb
  2200 | D:3      | Reached XP level 6. HP: 23/39 MP: 6/6
  2840 | D:4      | Found Ocesacw's Book Emporium.
  2921 | D:4      | Noticed Blork the orc
  2928 | D:4      | Killed Blork the orc
  2947 | D:4      | Noticed Dowan
  2948 | D:4      | Noticed Duvessa
  2954 | D:4      | Killed Dowan
  2969 | D:4      | Killed Duvessa
  2970 | D:4      | Reached skill level 5 in Fighting
  2970 | D:4      | Reached skill level 5 in Armour
  2970 | D:4      | Reached skill level 5 in Shields
  2970 | D:4      | Reached XP level 7. HP: 10/44 MP: 7/7
  3519 | D:4      | Found an ornate altar of the Wu Jian Council.
  3679 | D:5      | Entered Level 5 of the Dungeon
  3806 | D:5      | Reached XP level 8. HP: 51/51 MP: 8/8
  3968 | D:5      | Reached skill level 5 in Maces & Flails
  4769 | D:6      | Noticed a fire crab
  4772 | D:6      | Found a transporter.
  4773 | D:6      | Found a transporter.
  4780 | D:6      | Noticed a kobold demonologist
  4983 | D:6      | Found a staircase to the Ecumenical Temple.
  5026 | Temple   | Entered the Ecumenical Temple
  5283 | Temple   | Became a worshipper of Warmaster Okawaru
  5977 | D:7      | You fall into a shaft and drop 3 floors!
  5977 | D:10     | Entered Level 10 of the Dungeon
  5978 | D:10     | yay!
  6010 | D:9      | Reached * piety under Okawaru
  6011 | D:9      | Reached XP level 9. HP: 56/56 MP: 9/9
  6060 | D:9      | Identified a scroll of acquirement
  6060 | D:9      | Acquired a +4 ring of protection
  6073 | D:9      | Found a flagged portal.
  6103 | Bailey   | Entered a bailey
  6817 | Bailey   | Reached ** piety under Okawaru
  7149 | Bailey   | Found the +12 glaive of Prune {vorpal}
  7166 | Bailey   | Hit by a javelin thrown by a centaur

Illustrated notes

#.# #.# #.# #
#.# # #.####.#
..#
#......###...#
#..........?.#
#.....@......#
#............#
...........<..#
..............#
#.............#
#............?#
#.............#
#..............


Turn 5978 on D:10: yay!

Levels and vault maps discovered:
D:1:      wheals_arrival_shading, layout_basic
D:2:      layout_basic, lemuel_round_altar, minmay_gold_behind_fungi,
          minmay_cut_off
D:3:      layout_rooms, uniq_ijyb
D:4:      layout_loops_cross, serial_shops, nicolae_shop_waterfront,
          pf_just_have_faith, uniq_blork_the_orc, uniq_duvessa
D:5:      layout_basic
D:6:      gammafunk_wand_slinger, layout_cave_pods, minmay_temple_entry_ruins,
          minmay_unpleasant_kobolds
D:7:      layout_rooms, serial_shops, nicolae_shop_behind_doors, st_stairs_1
D:9:      layout_roguey, enter_bailey_5, uniq_erica, uniq_maggie
D:10:     layout_long_grid, minmay_orc_entry_temple_small
Temple:   kilobyte_greek_temple
Bailey:   bailey_polearm_flooded_kennysheep, bailey

Skill      XL: |  1  2  3  4  5  6  7  8  9 |
---------------+----------------------------+-----
Fighting       | 4 5 6 7 |  7.6
Armour         | 4 5 6 7 |  7.6
Shields        | 4 5 6 7 |  7.6
Maces & Flails | 3 4 5 6 |  6.5

Action                   |  1- 3 |  4- 6 |  7- 9 || total
-------------------------+-------+-------+-------++-------
Melee: Flail             |   159 |   152 |   463 ||   774
Invok: Heroism           |       |       |     1 ||     1
Evoke: Wand              |       |       |     7 ||     7
  Use: Potion            |       |     1 |     1 ||     2
       Scroll            |       |       |    10 ||    10
Armor: Scale mail        |    93 |    76 |    37 ||   206
       Chain mail        |       |       |   102 ||   102
       Plate armour      |       |       |   225 ||   225
Dodge: Dodged            |    53 |    32 |   128 ||   213
Block: Kite shield       |   116 |   132 |   496 ||   744
       Reflection        |       |     1 |    10 ||    11

Table legend: (Time is in decaauts)
 A = Elapsed time spent in this place.
 B = Non-inter-level travel time spent in this place.
 C = Inter-level travel time spent in this place.
 D = Time resting spent in this place.
 E = Time spent auto-exploring this place.
 F = Levels seen in this place.
 G = Mean time per level.
                   A        B        C        D        E       F      G
               +--------+--------+--------+--------+--------+-----+--------+
         Total |   7357 |   7123 |    234 |    794 |   4477 |  11 |  668.8 |
       Dungeon |   5987 |   5807 |    180 |    401 |   4089 |   9 |  665.2 |
        Temple |    289 |    235 |     54 |      0 |    232 |   1 |  289.0 |
        Bailey |   1080 |   1080 |      0 |    393 |    156 |   1 | 1080.0 |
               +--------+--------+--------+--------+--------+-----+--------+

Top non-repeatable levels by time:
     D:2: 1523 daAuts
  Bailey: 1080 daAuts
     D:4: 1035 daAuts
     D:5: 1008 daAuts
     D:6: 843 daAuts
     D:3: 630 daAuts
     D:1: 604 daAuts
  Temple: 289 daAuts
     D:7: 208 daAuts
     D:9: 124 daAuts
    D:10: 7 daAuts
